 Dungeon Crawl Stone Soup version 0.23-a0-767-gdc19b93d68 (webtiles) character file.

224 LLavrengius the Changer (level 6, 0/38 HPs)
             Began as an Octopode Transmuter on Jan 27, 2019.
             Was an Initiate of Wu Jian.
             Slain by a centaur (4 damage)
             ... on level 3 of the Dungeon.
             The game lasted 00:05:31 (3080 turns).

LLavrengius the Changer (Octopode Transmuter)       Turns: 3080, Time: 00:05:31

Health: 0/38       AC:  2    Str: 10    XL:     6   Next: 0%
Magic:  6/11       EV: 19    Int: 17    God:    Wu Jian [......]
Gold:   64         SH:  0    Dex: 17    Spells: 5/11 levels left

rFire    . . .     SeeInvis .     - Unarmed
rCold    . . .     Gourm    .   (shield currently unavailable)
rNeg     . . .     Faith    .   (helmet currently unavailable)
rPois    x         Spirit   .   (no amulet)
rElec    .         Reflect  .   (no ring)
rCorr    .         Harm     .   (no ring)
MR       .....                  (no ring)
Stlth    ++........             (no ring)
HPRegen  0.12/turn              (no ring)
MPRegen  0.12/turn              (no ring)
                                (no ring)
                                (no ring)

@: lethally poisoned (0 -> -5), spider-form, hasted, very quick
A: tiny, almost no armour, stealthy swim, (amphibious), 8 rings, (constrict 8)
a: End Transformation, Renounce Religion


You were on level 3 of the Dungeon.
You worshipped Wu Jian.
Wu Jian was noncommittal.
You were not hungry.
You were a venomous arachnid creature.
You visited 1 branch of the dungeon, and saw 3 of its levels.

You collected 64 gold pieces.

Inventory:

Hand Weapons
 i - a +1 hunting sling of flaming
 n - a +1 trident of distortion
Missiles
 a - 41 arrows
 j - 79 sling bullets
 l - 73 stones (quivered)
Scrolls
 b - a scroll of amnesia {unknown}
 d - a scroll of magic mapping {unknown}
 f - 3 scrolls of enchant armour {unknown}
 g - 3 scrolls of identify {unknown}
 h - a scroll of random uselessness {unknown}
 k - a scroll of teleportation {unknown}
Comestibles
 c - 3 rations
 m - 10 chunks of flesh


   Skills:
 - Level 1.0 Fighting
 - Level 2.0 Dodging
 - Level 3.0 Unarmed Combat
 + Level 3.4 Spellcasting
 - Level 4.0 Transmutations
 + Level 3.5 Poison Magic


You had 5 spell levels left.
You knew the following spells:

 Your Spells              Type           Power        Failure   Level  Hunger
a - Beastly Appendage     Tmut           ###...       11%         1    None
b - Sticks to Snakes      Tmut           ###.....     14%         2    ##.....
c - Spider Form           Tmut/Pois      ###.......   26%         3    ###....

Your spell library contained the following spells:

 Spells                   Type           Power        Failure   Level  Hunger
 Ice Form                 Ice/Tmut       #.......     78%         4    ####...
 Blade Hands              Tmut           ###.......   83%         5    ######.


Dungeon Overview and Level Annotations

Branches:
Dungeon (3/15)

Altars:
Wu Jian
Zin


Innate Abilities, Weirdness & Mutations

You cannot wear most types of armour.
You are very stealthy in the water. (Stealth+)
((You are amphibious.))
You can wear up to eight rings at the same time.
((You can use your tentacles to constrict eight enemies at once.))
((Your skin changes colour to match your surroundings (Stealth+).))
((Your rubbery body absorbs attacks. (AC +1, EV +1)))


Message History

The scorpion is almost dead.
You constrict the scorpion.
You feel sick. The centaur hits you.
The centaur hits you but does no damage.
The scorpion stings you.
You tentacle-slap the scorpion.
You kill the scorpion!
The Council accepts your kill.
You have reached level 6!
Your experience leads to an increase in your attributes!
Increase (S)trength, (I)ntelligence, or (D)exterity?
You feel clever.
You feel sick. The centaur hits you!
Cast which spell? (? or * to list)
You turn into a venomous arachnid creature.
The centaur completely misses you. The centaur misses you.
You hit the centaur but do no damage.
The centaur is poisoned.
You feel sick. The centaur hits you!
* * * LOW HITPOINT WARNING * * *
It was a potion of haste.
You feel yourself speed up. The centaur hits you.
You die...

#. #.##
####..##
#......#....%.
#....$.#.....
#......#....
#...c..#...
#....s.#..#
#......#..#
#......#..###
#...........##
#............#
#............#
########.....#
#.....#
##.....#


You could see a centaur.

Vanquished Creatures
  A scorpion (D:3)
  Jessica (D:2)
  Natasha (thrice) (D:2)
  2 adders
  A dart slug (D:1)
  A leopard gecko (D:1)
  5 orcs (D:3)
  2 bats
  8 hobgoblins
  4 jackals (D:2)
  6 kobolds
  3 quokkas (D:2)
  4 frilled lizards
  3 goblins
  7 rats
51 creatures vanquished.

Notes
Turn   | Place    | Note
-------+----------+-------------------------------------------
     0 | D:1      | LLavrengius the Octopode Transmuter began the quest for the
                  | Orb.
     0 | D:1      | Reached XP level 1. HP: 13/13 MP: 3/3
   487 | D:1      | Reached XP level 2. HP: 10/18 MP: 5/5
   881 | D:1      | Reached skill level 3 in Transmutations
  1496 | D:2      | Noticed Natasha
  1505 | D:2      | Killed Natasha
  1505 | D:2      | Reached XP level 3. HP: 18/23 MP: 6/6
  1519 | D:2      | Reached skill level 4 in Transmutations
  1700 | D:2      | Learned a level 2 spell: Sticks to Snakes
  1704 | D:2      | Learned a level 3 spell: Spider Form
  1825 | D:2      | Noticed Natasha
  1833 | D:2      | Killed Natasha
  1833 | D:2      | Reached skill level 1 in Poison Magic
  1833 | D:2      | Reached XP level 4. HP: 16/28 MP: 7/7
  2121 | D:2      | Noticed Natasha
  2130 | D:2      | Killed Natasha
  2205 | D:2      | Noticed Jessica
  2212 | D:2      | Killed Jessica
  2212 | D:2      | Reached XP level 5. HP: 11/33 MP: 7/9
  2441 | D:2      | Found a glowing silver altar of Zin.
  2441 | D:2      | Found an ornate altar of the Wu Jian Council.
  2452 | D:2      | Became a worshipper of the Wu Jian Council
  2820 | D:2      | Found a faded altar of an unknown god.
  3071 | D:3      | Noticed a centaur
  3077 | D:3      | Reached XP level 6. HP: 24/38 MP: 9/11
  3080 | D:3      | Slain by a centaur

Vault maps used:
D:1:      eino_arrival_tree_alley, minmay_pentomino_p4
D:2:      grunt_temple_overflow_open, chequers_ecumenical_altar_grove,
          uniq_natasha, uniq_jessica
D:3:      first_ration, uniq_crazy_yiuf_cottage

Skill      XL: |  1  2  3  4  5 |
---------------+----------------+-----
Transmutations | 3 4 |  4.0
Poison Magic   | 1 2 3 |  3.5
Spellcasting   | 3 |  3.4
Fighting       | |  1.0
Dodging        | |  2.0
Unarmed Combat | |  3.0

Action                   |  1- 3 |  4- 6 || total
-------------------------+-------+-------++-------
Melee: Unarmed           |    70 |    90 ||   160
       Constrict         |    17 |    22 ||    39
       Tentacles         |     9 |    11 ||    20
       Punch             |       |     8 ||     8
Throw: Stone             |       |     1 ||     1
 Cast: Spider Form       |       |     1 ||     1
Invok: Lunge             |       |    10 ||    10
  Use: Potion            |       |     1 ||     1
 Stab: Sleeping          |     4 |     3 ||     7
  Eat: Chunk             |     2 |     5 ||     7
Armor: Skin              |     7 |     3 ||    10
Dodge: Dodged            |    35 |    53 ||    88

Table legend:
 A = Non-vault XP
 B = Vault XP
 C = Vault XP percentage of total XP
 D = Non-vault monster count
 E = Vault monster count
 F = Vault count percentage of total count
                 A         B        C        D         E       F
            +---------+---------+-------+---------+---------+-------
      Total |     241 |      79 |  24.7 |      46 |       5 |   9.8
            +---------+---------+-------+---------+---------+-------
        D:1 |      23 |       5 |  17.9 |      12 |       3 |  20.0
        D:2 |     119 |      74 |  38.3 |      26 |       2 |   7.1
        D:3 |      99 |       0 |   0.0 |       8 |       0 |   0.0
            +---------+---------+-------+---------+---------+-------
